Map: Rosebud LE

Players

Desty

  • Race: Terran Terran
  • Spawn Location: 5:00

StylERuiN

  • Race: Terran Terran
  • League: Silver
  • Spawn Location: 5:00

chopping

  • Race: Terran Terran
  • League: Silver
  • Spawn Location: 5:00

Dink - Winner!

  • Race: Zerg Zerg
  • League: Master
  • Spawn Location: 11:00

SneakyProbe - Winner!

  • Race: Protoss Protoss
  • Spawn Location: 11:00

HearYeHearYe - Winner!

  • Race: Protoss Protoss
  • League: Gold
  • Spawn Location: 11:00

VOD

Have the link to the VOD?

Description

game 1

Time

  • Played on: July 2, 2019, 3:12 a.m.
  • Length: 12:26
Show
View Real Time Build Order
Export as new Build Order

Desty Terran 

Build Orders: Gas First Reaper Expand 

Get SALT Encoding   

  12  0:01  SCV  
  13  0:13  SCV  
  14  0:18  Supply Depot  
  14  0:25  SCV  
  15  0:30  Refinery  
  15  0:40  SCV  
  16  0:46  Barracks  
  16  0:52  SCV  
  17  1:05  SCV  
  18  1:19  SCV  
  19  1:33  Orbital Command  
  19  1:34  Reaper  
  20  1:46  Command Center  
  20  1:56  Factory  
  20  1:59  SCV  
  21  2:06  Refinery  
  21  2:11  Barracks Reactor  
  21  2:13  SCV  
  22  2:19  Supply Depot  
  22  2:25  SCV  
  23  2:41  SCV  
  24  2:45  Starport  
  24  2:55  SCV  
  25  3:16  SCV  
  25  3:17  Orbital Command  
  25  3:21  Widow Mine x2  
  25  3:22  Barracks Tech Lab, Medivac  
  31  3:28  SCV  
  32  3:41  SCV, Marine  
  33  3:42  Widow Mine x2, Stimpack  
  33  3:45  SCV  
  33  3:46  Refinery  
  39  3:53  SCV  
  40  3:57  SCV  
  40  3:58  Starport Reactor  
  41  4:03  Widow Mine  
  41  4:04  Widow Mine  
  41  4:05  SCV  
  46  4:22  Supply Depot  
  46  4:23  Supply Depot  
  46  4:44  SCV x2, Marine  
  49  4:45  Barracks  
  49  4:46  Barracks  
  49  4:56  SCV x2  
  51  5:05  Supply Depot  
  51  5:06  Command Center  
  51  5:08  SCV  
  51  5:09  Marine  
  51  5:11  Widow Mine x2  
  51  5:13  SCV  
  58  5:20  SCV  
  58  5:21  Refinery  
  59  5:25  SCV  
  60  5:32  SCV  
  61  5:37  SCV  
  62  5:44  SCV  
  55  5:59  Medivac  
  55  6:00  Medivac  
  59  6:05  Combat Shield  
  59  6:06  Barracks Reactor x2  
  59  6:13  SCV  
  59  6:14  SCV  
  59  6:17  Engineering Bay  
  59  6:18  Factory Tech Lab, Engineering Bay  
  61  6:21  Armory  
  61  6:23  Supply Depot  
  61  6:24  Supply Depot  
  62  6:25  SCV  
  62  6:26  SCV  
  62  6:27  Orbital Command  
  63  6:34  Marauder, Marine x2  
  67  6:47  Missile Turret  
  67  6:48  Missile Turret, Marine  
  67  6:49  Marine  
  67  6:52  Marine, Widow Mine  
  67  6:54  Terran Infantry Armor Level 1, Terran Infantry Weapons Level 1  
  72  6:59  Supply Depot  
  72  7:02  Supply Depot  
  72  7:03  Marauder  
  72  7:04  Marine  
  72  7:07  Drilling Claws  
  75  7:10  Orbital Command  
  75  7:13  SCV x2  
  77  7:22  Marine x3  
  79  7:23  Marine  
  79  7:29  Supply Depot  
  81  7:32  Supply Depot  
  81  7:33  Supply Depot  
  81  7:37  SCV  
  81  7:43  SCV x2  
  84  7:49  SCV  
  85  7:55  SCV x2  
  87  8:00  Missile Turret  
  87  8:01  SCV  
  87  8:04  Marauder, Marine x4  
  97  8:07  SCV, Widow Mine  
  97  8:08  SCV, Supply Depot  
  98  8:15  Supply Depot  
  98  8:16  Supply Depot  
  98  8:19  Supply Depot  
  98  8:25  Barracks  
  98  8:26  Barracks x2  
  98  8:33  Marine x3  
  101  8:39  Refinery  
  101  8:40  Refinery  
  101  8:47  Medivac x2  
  105  8:50  Widow Mine x2  
  105  8:51  Marauder  
  111  9:01  Supply Depot  
  111  9:02  Marauder, Marine x2  
  114  9:04  SCV x3  
  118  9:12  Marauder  
  117  9:17  Terran Infantry Armor Level 2, Terran Infantry Weapons Level 2  
  117  9:20  Terran Ship Weapons Level 1  
  117  9:24  Barracks Reactor  
  117  9:25  Barracks Reactor, Barracks Tech Lab, Starport x2  
  108  9:40  Marine x2  
  108  9:41  Marine x2  
  108  9:42  Widow Mine x2  
  112  9:59  Marauder x3, Marine x2  
  116  10:26  Marine x5  
  103  10:46  Marine  
  100  11:00  Marine x4  
  100  11:03  SCV  
  93  11:13  Marine x2  
  93  11:14  Marine  
  93  11:15  Widow Mine x2  
  93  11:16  SCV  
  93  11:18  Marine x3  
  82  11:22  Command Center  
  74  11:28  SCV  
  74  11:29  Marine  
  74  11:31  Marine x3  
  75  11:34  Starport Tech Lab  
  75  11:35  Starport Tech Lab  
  75  11:36  Starport Reactor x2  
  33  12:17  Command Center  
Show
View Real Time Build Order
Export as new Build Order

StylERuiN Terran 

Build Orders: 2 Factory, Mech 

Get SALT Encoding   

  12  0:01  SCV  
  13  0:13  SCV  
  14  0:18  Supply Depot  
  14  0:25  SCV  
  15  0:29  Refinery  
  15  0:40  SCV  
  16  0:46  Barracks  
  16  0:52  SCV  
  17  0:58  Refinery  
  17  1:04  SCV  
  18  1:16  SCV  
  19  1:33  Orbital Command  
  19  1:34  Reaper  
  19  1:39  Factory  
  20  1:57  Supply Depot  
  20  2:00  SCV  
  21  2:09  Barracks Reactor  
  21  2:23  SCV  
  21  2:24  Hellion  
  24  2:32  Supply Depot  
  24  2:39  SCV  
  25  2:49  Command Center  
  25  2:56  SCV  
  26  3:12  SCV  
  26  3:13  Hellion x2  
  26  3:15  Barracks Tech Lab  
  26  3:19  Factory  
  30  3:32  SCV  
  31  3:35  Armory  
  31  3:45  Hellion x2  
  35  4:15  Hellion x2, Cyclone  
  42  4:22  Orbital Command  
  42  4:30  SCV  
  43  4:34  Factory  
  43  4:41  Hellion  
  43  4:42  Hellion  
  47  4:48  Supply Depot  
  47  4:51  Orbital Command  
  47  4:55  SCV  
  48  5:02  Cyclone  
  44  5:07  Mag-Field Accelerator  
  51  5:10  SCV  
  52  5:20  SCV  
  53  5:22  SCV  
  53  5:23  Factory Tech Lab  
  54  5:32  SCV  
  54  5:34  SCV, Refinery  
  52  5:44  SCV, Hellion, Cyclone x2  
  52  5:45  Hellion  
  62  5:54  Refinery  
  62  5:58  Supply Depot x2  
  62  5:59  Terran Vehicle Weapons Level 1  
  62  6:08  Armory  
  62  6:12  Infernal Pre-Igniter  
  62  6:19  SCV x2  
  64  6:31  SCV x2  
  64  6:32  Supply Depot  
  66  6:34  Supply Depot  
  66  6:35  Cyclone  
  69  6:43  SCV, Cyclone  
  65  7:04  SCV x2  
  67  7:08  Engineering Bay  
  67  7:10  Thor  
  70  7:16  SCV  
  68  7:32  Cyclone  
  68  7:33  Hellion x2  
  75  7:40  Missile Turret  
  70  7:55  Command Center  
  70  8:02  SCV x2  
  72  8:07  Missile Turret  
  72  8:12  Thor  
  78  8:14  SCV  
  78  8:15  Cyclone  
  78  8:24  SCV  
  78  8:26  SCV  
  76  8:27  Terran Vehicle Weapons Level 2  
  76  8:28  Terran Vehicle And Ship Armor Level 1  
  76  8:31  Supply Depot  
  76  8:36  SCV  
  76  8:38  SCV  
  76  8:40  Refinery  
  77  8:53  Hellion x2  
  82  8:57  Cyclone  
  82  9:07  SCV x2  
  82  9:08  Orbital Command  
  84  9:19  SCV  
  84  9:20  SCV, Hellbat  
  88  9:32  SCV  
  79  9:43  SCV  
  79  9:44  SCV x2  
  70  9:46  Thor  
  70  9:47  Thor  
  82  9:56  SCV  
  76  10:08  Hellion  
  76  10:09  Hellion  
  76  10:14  SCV x2  
  52  10:26  SCV x2  
  49  10:29  Thor  
  49  10:30  Thor  
  61  10:36  Orbital Command  
  61  10:38  SCV x2  
  63  10:50  SCV  
  63  10:55  Hellbat x2  
  56  11:01  SCV  
  56  11:02  Refinery  
  56  11:03  Refinery  
  57  11:08  Starport  
  57  11:13  SCV  
  58  11:26  Thor x2  
  58  11:41  Thor  
  64  12:00  SCV x3  
  73  12:12  SCV, Starport Reactor  
Show
View Real Time Build Order
Export as new Build Order

chopping Terran 

Build Orders: 1/1/1 

Get SALT Encoding   

  12  0:01  SCV  
  13  0:13  SCV  
  14  0:25  SCV  
  14  0:26  Supply Depot  
  15  0:43  Refinery  
  15  0:45  Refinery  
  15  0:52  Barracks  
  15  1:00  Supply Depot  
  15  1:06  SCV  
  16  1:19  SCV  
  17  1:31  SCV  
  18  1:43  SCV, Factory  
  19  1:55  SCV  
  20  2:04  Marine  
  20  2:07  SCV  
  22  2:19  SCV  
  22  2:22  Marine  
  24  2:29  Starport  
  24  2:31  SCV  
  24  2:34  Hellion  
  27  2:40  Marine  
  28  2:45  Supply Depot  
  28  2:55  Supply Depot  
  28  2:56  Hellion  
  30  3:08  SCV  
  31  3:19  Supply Depot  
  31  3:20  Orbital Command  
  31  3:41  Starport Tech Lab  
  31  3:50  Fusion Core  
  31  3:59  Engineering Bay  
  31  4:05  Marine  
  32  4:23  Marine  
  33  4:30  Missile Turret  
  33  4:44  Missile Turret  
  33  4:50  Weapon Refit  
  33  4:51  Supply Depot  
  33  4:53  Battlecruiser  
  39  5:57  Battlecruiser  
  45  6:07  Command Center  
  45  6:11  Armory  
  45  7:00  Supply Depot  
  45  7:01  Battlecruiser  
  51  7:22  Refinery  
  51  7:25  SCV  
  51  7:27  Refinery  
  52  7:37  SCV  
  52  7:41  Terran Ship Weapons Level 1  
  53  7:49  SCV  
  54  8:01  SCV  
  54  8:03  Supply Depot  
  55  8:06  Battlecruiser  
  61  8:13  SCV  
  62  8:25  SCV  
  63  8:37  SCV  
  64  8:46  Supply Depot  
  64  8:50  SCV  
  62  9:02  SCV  
  63  9:09  Missile Turret, Supply Depot  
  63  9:10  Battlecruiser  
  63  9:14  SCV  
  63  9:15  Missile Turret  
  70  9:31  Supply Depot  
  42  10:14  Battlecruiser  
  37  10:32  Orbital Command  
  37  10:40  Missile Turret  
  37  10:57  SCV  
  38  11:09  Missile Turret, SCV  
  39  11:11  Missile Turret  
  45  11:18  Battlecruiser  
  45  11:21  SCV  
  46  11:27  Starport  
  46  11:33  SCV  
  47  11:46  SCV  
  48  11:58  SCV  
  49  12:10  SCV  
Show
View Real Time Build Order
Export as new Build Order

Dink Zerg - Winner!

Build Orders: Pool First 

Get SALT Encoding   

  12  0:01  Drone  
  13  0:09  Drone  
  14  0:19  Drone, Extractor  
  15  0:31  Spawning Pool  
  14  0:41  Drone, Extractor  
  14  0:46  Drone, Extractor  
  15  0:53  Overlord  
  15  1:18  Queen, Zergling x4  
  17  1:19  Zergling x2  
  20  1:29  Zergling x2  
  22  1:40  Zergling x2  
  22  1:46  Metabolic Boost  
  22  1:55  Overlord  
  22  2:07  Hatchery  
  21  2:08  Zergling x2  
  22  2:31  Drone x2  
  22  2:32  Drone x3  
  27  2:40  Drone  
  28  2:49  Drone  
  29  3:02  Drone  
  30  3:19  Overlord  
  30  3:27  Drone  
  30  3:28  Drone x2, Extractor  
  30  3:29  Queen  
  30  3:30  Drone x2  
  36  3:42  Drone  
  36  3:43  Drone x3  
  40  3:49  Drone  
  41  4:03  Hatchery  
  41  4:05  Drone x3  
  41  4:07  Drone  
  44  4:16  Overlord  
  44  4:24  Overlord  
  44  4:34  Drone x2  
  44  4:36  Overlord  
  46  4:44  Drone  
  46  4:45  Drone x3  
  50  4:48  Extractor  
  50  4:50  Extractor  
  50  4:51  Drone  
  49  5:01  Queen  
  51  5:16  Drone  
  51  5:17  Drone x5  
  51  5:19  Queen  
  51  5:21  Queen  
  61  5:38  Lair  
  55  5:55  Extractor  
  54  5:58  Extractor  
  54  6:02  Zergling x14  
  54  6:03  Zergling x6  
  63  6:34  Lair  
  63  6:42  Drone  
  63  6:43  Drone x2  
  63  6:44  Drone x2  
  63  6:45  Drone  
  63  6:46  Drone x5  
  74  6:48  Overlord x3  
  74  7:06  Drone x2, Hatchery  
  75  7:10  Drone x9  
  84  7:37  Drone  
  84  7:38  Drone x11  
  96  7:51  Extractor  
  96  7:52  Extractor  
  96  7:54  Overlord x4  
  94  8:08  Drone x4  
  94  8:10  Overlord x3  
  98  8:18  Drone  
  98  8:32  Overlord  
  98  8:33  Overlord  
  98  8:45  Queen  
  74  9:04  Spire  
  74  9:09  Spire  
  65  9:13  Zergling x32  
  65  9:14  Hatchery  
  80  9:46  Overlord x2  
  78  10:07  Drone x2  
  78  10:08  Drone x16  
  87  10:27  Zerg Flyer Weapons Level 1  
  82  10:28  Zerg Flyer Armor Level 1  
  82  10:30  Mutalisk  
  82  10:31  Mutalisk x9  
  102  10:39  Extractor  
  102  10:42  Extractor  
  100  10:43  Mutalisk x12  
  124  10:56  Queen  
  116  10:57  Mutalisk  
  116  10:58  Mutalisk x7  
  124  11:16  Mutalisk  
  124  11:17  Mutalisk x12  
Show
View Real Time Build Order
Export as new Build Order

SneakyProbe Protoss - Winner!

Build Orders: 1 Gate Expand, Carriers 

Get SALT Encoding   

  12  0:01  Probe  
  13  0:13  Probe  
  14  0:21  Pylon  
  14  0:25  Probe  
  15  0:39  Probe  
  16  0:48  Gateway  
  16  0:51  Probe  
  17  1:03  Probe  
  18  1:18  Nexus  
  18  1:34  Probe  
  18  1:36  Cybernetics Core  
  19  1:40  Assimilator  
  19  1:46  Probe  
  20  1:50  Pylon  
  20  1:53  Assimilator  
  20  2:04  Probe  
  21  2:12  Probe  
  20  2:17  Stalker  
  20  2:20  Probe  
  21  2:27  Probe  
  24  2:31  Probe  
  24  2:35  Probe  
  26  2:39  Stalker  
  26  2:43  Probe  
  28  2:45  Probe  
  28  2:46  Shield Battery  
  31  2:55  Probe  
  31  2:58  Probe  
  33  3:10  Probe  
  34  3:14  Probe  
  35  3:22  Probe  
  35  3:26  Assimilator, Probe  
  37  3:27  Assimilator  
  37  3:30  Pylon  
  37  3:42  Nexus  
  37  3:46  Probe  
  38  3:53  Probe  
  39  3:58  Probe  
  39  4:00  Stargate  
  40  4:08  Stargate  
  40  4:10  Probe  
  40  4:11  Probe  
  42  4:20  Pylon  
  42  4:21  Probe x2  
  44  4:29  Probe x2  
  44  4:37  Probe  
  47  4:46  Fleet Beacon  
  47  4:48  Probe  
  47  4:50  Stargate  
  47  4:52  Stargate  
  48  4:54  Probe  
  49  5:00  Probe  
  49  5:01  Probe  
  51  5:12  Probe  
  51  5:13  Stalker, Probe x2  
  54  5:24  Probe  
  54  5:25  Probe  
  58  5:36  Probe  
  58  5:37  Carrier  
  58  5:38  Carrier  
  71  5:56  Probe x2  
  73  6:08  Assimilator, Probe x2  
  73  6:09  Assimilator  
  73  6:10  Protoss Air Weapons Level 1  
  75  6:14  Pylon  
  75  6:19  Cybernetics Core  
  75  6:20  Probe  
  75  6:21  Forge  
  75  6:24  Twilight Council  
  76  6:28  Pylon  
  76  6:29  Pylon  
  76  6:31  Pylon  
  76  6:33  Probe  
  76  6:35  Probe  
  78  6:42  Carrier  
  78  6:44  Probe  
  78  6:46  Pylon  
  84  6:47  Probe  
  84  6:52  Probe  
  86  6:59  Carrier  
  93  7:02  Probe  
  94  7:09  Carrier  
  94  7:14  Probe  
  101  7:16  Protoss Air Armor Level 1  
  101  7:18  Carrier  
  107  7:26  Probe  
  108  7:30  Protoss Shields Level 1  
  108  7:41  Pylon  
  108  7:43  Pylon, Carrier  
  108  7:49  Nexus  
  108  7:58  Carrier  
  114  8:04  Pylon  
  114  8:06  Pylon  
  114  8:07  Carrier  
  114  8:12  Pylon  
  120  8:15  Assimilator  
  120  8:20  Assimilator  
  126  8:32  Carrier  
  132  8:57  Carrier  
  138  9:04  Void Ray  
  138  9:06  Stargate, Void Ray  
  138  9:09  Probe  
  147  9:21  Probe  
  148  9:33  Probe  
  149  9:41  Photon Cannon  
  149  9:43  Photon Cannon, Probe  
  137  10:02  Probe  
  126  10:14  Probe  
  121  10:21  Void Ray x3  
  121  10:23  Carrier  
  121  10:25  Pylon  
  133  10:30  Pylon  
  133  10:33  Assimilator  
  133  10:43  Carrier  
  133  10:46  Nexus  
  133  11:10  Pylon  
  141  11:12  Pylon  
  141  11:59  Probe  
  166  12:05  Robotics Facility  
  166  12:06  Robotics Facility  
  166  12:07  Probe  
Show
View Real Time Build Order
Export as new Build Order

HearYeHearYe Protoss - Winner!

Build Orders: 1 Gate Expand, Phoenix Opening 

Get SALT Encoding   

  12  0:01  Probe  
  13  0:13  Probe  
  14  0:19  Pylon  
  14  0:25  Probe  
  15  0:37  Probe  
  15  0:42  Gateway  
  16  0:47  Assimilator  
  16  0:49  Probe  
  17  1:02  Probe  
  18  1:14  Probe  
  19  1:26  Probe  
  19  1:31  Nexus  
  20  1:42  Cybernetics Core  
  20  1:44  Probe  
  21  1:51  Assimilator  
  21  1:58  Probe  
  21  1:59  Pylon  
  22  2:09  Probe  
  23  2:21  Adept, Probe  
  25  2:25  Stargate  
  25  2:33  Probe, Warp Gate  
  26  2:40  Probe  
  26  2:41  Probe  
  27  2:48  Probe  
  27  2:49  Probe  
  27  2:51  Adept  
  30  2:57  Probe  
  32  2:59  Probe  
  31  3:13  Phoenix  
  31  3:18  Probe x2  
  35  3:27  Assimilator  
  35  3:30  Probe  
  36  3:34  Adept  
  36  3:35  Probe  
  36  3:39  Pylon  
  36  3:40  Phoenix  
  41  3:49  Probe  
  41  3:52  Probe  
  43  4:02  Probe  
  44  4:04  Probe  
  43  4:18  Probe x2  
  43  4:19  Phoenix  
  43  4:23  Adept  
  47  4:26  Probe x2  
  49  4:34  Probe  
  49  4:37  Twilight Council  
  49  4:39  Gateway  
  49  4:40  Probe  
  49  4:41  Gateway  
  49  4:44  Phoenix, Probe  
  54  5:00  Pylon  
  54  5:03  Pylon  
  54  5:06  Assimilator  
  54  5:13  Stargate  
  54  5:17  Probe  
  54  5:18  Probe  
  54  5:21  Phoenix  
  58  5:25  Probe  
  58  5:26  Probe  
  58  5:31  Resonating Glaives  
  58  5:33  Probe  
  58  5:34  Probe  
  62  5:44  Probe x2  
  64  5:56  Probe x2  
  66  6:05  Adept x2  
  66  6:10  Pylon  
  70  6:11  Pylon  
  70  6:16  Nexus  
  70  6:19  Pylon, Protoss Air Weapons Level 1, Gateway  
  70  6:21  Pylon  
  70  6:28  Phoenix, Probe x2  
  74  6:32  Gateway  
  74  6:33  Gateway  
  74  6:37  Phoenix  
  76  6:40  Probe x2  
  78  6:52  Probe  
  79  7:00  Phoenix x2  
  77  7:19  Phoenix x2  
  77  7:28  Probe x2  
  77  7:29  Probe  
  82  7:33  Assimilator  
  82  7:34  Adept x2  
  86  7:37  Assimilator  
  86  7:39  Phoenix x2  
  86  7:40  Probe x2  
  86  7:41  Probe, Forge  
  86  7:42  Gateway  
  91  7:52  Probe  
  91  7:53  Probe  
  93  7:58  Pylon  
  93  7:59  Phoenix  
  93  8:00  Probe  
  93  8:05  Templar Archives, Probe x2  
  98  8:08  Gateway  
  98  8:09  Phoenix  
  98  8:12  Probe  
  101  8:17  Probe x2  
  103  8:24  Phoenix, Probe  
  106  8:29  Probe x2  
  106  8:33  Fleet Beacon  
  106  8:34  Phoenix  
  108  8:36  Probe  
  108  8:41  Probe x2  
  113  8:44  Protoss Ground Weapons Level 1  
  113  8:48  Probe  
  113  8:49  Phoenix  
  113  8:53  Probe x2  
  118  9:00  Probe  
  119  9:04  Shield Battery  
  119  9:05  Probe x2, Shield Battery x2, Blink  
  119  9:06  Stalker x2  
  125  9:15  Pylon  
  125  9:16  Pylon  
  125  9:18  Pylon  
  125  9:20  Pylon  
  125  9:21  Pylon  
  125  9:32  Probe x2  
  125  9:33  Probe  
  124  9:52  Tempest x2  
  134  9:56  Adept x3  
  134  9:57  Adept x3  
  134  9:59  Nexus  
  144  10:17  Pylon  
  144  10:19  Pylon  
  144  10:22  Pylon  
  144  10:24  Stargate  
  144  10:25  Stargate  
  144  10:27  Stargate  
  136  10:42  Nexus  
  133  10:43  Pylon  
  133  10:44  Pylon  
  133  10:45  Tempest  
  133  10:46  Tempest  
  140  10:58  Adept x3  
  140  10:59  Adept x3  
  130  11:26  Robotics Facility  
  130  11:27  Robotics Facility  
  138  11:49  Adept x4  
  138  11:50  Adept  
  148  12:09  Pylon  
  148  12:11  Probe x3  
  148  12:12  Probe  
  148  12:13  Assimilator  
  148  12:15  Assimilator  
  150  12:16  Gateway  
  150  12:18  Gateway  
Tags
 
Add a new tag
Caveats
  • Supply blocks, unpowered buildings, or Contaminate may cause inaccurate times.
  • Supply counts are checked every 10 seconds.